 Dungeon Crawl Stone Soup version 0.30-a0-782-ge64f9170bb (webtiles) character file.

Game seed: 3801406053087724333

74 HoaS the Shooter (level 4, -1/26 HPs)
             Began as a Gargoyle Hunter on Feb 18, 2023.
             Killed from afar by an orc wizard (3 damage)
             ... with a puff of flame
             ... on level 2 of the Dungeon.
             The game lasted 00:02:41 (1070 turns).

HoaS the Shooter (Gargoyle Hunter)                  Turns: 1070, Time: 00:02:41

Health: -1/26      AC:  7    Str: 15    XL:     4   Next: 28%
Magic:  4/4        EV: 11    Int:  9    God:
Gold:   35         SH:  0    Dex: 15    Spells: 3/3 levels left

rFire   . . .      SeeInvis .    a - +1 shortbow
rCold   . . .      Faith    .    (shield currently unavailable)
rNeg    + . .      Spirit   .    c - +0 leather armour
rPois   ∞          Reflect  .    (no helmet)
rElec   +          Harm     .    (no cloak)
rCorr   .          Rampage  .    j - +0 pair of gloves
Will    .....                    (no boots)
Stlth   ++                       (no amulet)
HPRegen 0.24/turn                (no ring)
MPRegen 0.09/turn                (no ring)

@: no status effects
A: sickness immunity, AC +3, negative energy resistance 1, electricity
resistance, torment resistance 1, petrification resistance
a: no special abilities


You were on level 2 of the Dungeon.
You visited 1 branch of the dungeon, and saw 2 of its levels.

You collected 35 gold pieces.

Inventory:

Hand Weapons
 a - a +1 shortbow (weapon)
Armour
 c - a +0 leather armour (worn)
 j - a +0 pair of gloves (worn)
Scrolls
 b - 2 scrolls of immolation
Potions
 h - a potion of berserk rage {unknown}


   Skills:
 - Level 2.1 Fighting
 + Level 5.7 Ranged Weapons
 - Level 1.5 Dodging
 - Level 1.1 Stealth


You had 3 spell levels left.
You didn't know any spells.
Your spell library was empty.

Dungeon Overview and Level Annotations

Branches:
Dungeon (2/15)

Altars:


Innate Abilities, Weirdness & Mutations

You are immune to sickness and miasma.
Your stone body is resilient. (AC +3)
You are immune to poison.
You resist negative energy. (rN+)
You are resistant to electric shocks. (rElec)
You are resistant to unholy torment.
You are immune to petrification.


Message History

You hear some strange, mumbled words.
You are confused.
Something hits you but does no damage.
You miss something. Something hits you but does no damage.
You clumsily bash something but do no damage.
Something hits you. Something completely misses you. Something hits you.
Something hits you but does no damage. Something hits you.
You feel less confused. Something hits you.
* * * LOW HITPOINT WARNING * * *
Something hits you.
* * * LOW HITPOINT WARNING * * *
You hear some strange, mumbled words.
You are confused.
Something hits you but does no damage. Something hits you but does no damage.
Something hits you but does no damage.
You feel less confused.
You hear some strange, mumbled words.
Something tries to affect you, but you resist.
Something hits you but does no damage.
You shoot an arrow.
You hear some strange, mumbled words.
A magic dart appears from out of thin air!
The magic dart hits you.
* * * LOW HITPOINT WARNING * * *
You shoot an arrow. Something hits you but does no damage.
You shoot an arrow. Something hits you.
* * * LOW HITPOINT WARNING * * *
You shoot an arrow.
An orc wizard appears from thin air!
Reactivating autopickup.
The orc wizard hits you with a +0 dagger.
* * * LOW HITPOINT WARNING * * *
You shoot an arrow. The arrow hits the orc wizard!
The orc wizard is almost dead.
The orc wizard casts a spell at you. The puff of flame hits you.
You die...

##..........).##.....##
###...#..)...........##
###.................#
#.................#
#####.............#
##8###8#.............#
.........(...........#
.....................#
....##.....o@.<.....##
.## ##.....)#.....##
####...#######
###..#### #.##.......#
#..........#
............#
.######+##<.# ####


You could see an orc wizard.

Vanquished Creatures
  An orc wizard (D:2)
  2 adders
  2 orcs (D:2)
  5 ball pythons
  A bat (D:1)
  4 endoplasms (D:1)
  2 goblins (D:2)
  3 hobgoblins
  3 quokkas (D:1)
  A frilled lizard (D:1)
  2 rats (D:1)
26 creatures vanquished.

Notes
Turn   | Place    | Note
-------+----------+-------------------------------------------
     0 | D:1      | HoaS the Gargoyle Hunter began the quest for the Orb.
     0 | D:1      | Reached XP level 1. HP: 12/12 MP: 1/1
   227 | D:1      | Reached XP level 2. HP: 17/17 MP: 2/2
   521 | D:1      | Found a faded altar of an unknown god.
   709 | D:2      | Reached XP level 3. HP: 12/21 MP: 3/3
   722 | D:1      | Reached skill level 5 in Ranged Weapons
   853 | D:2      | Reached XP level 4. HP: 14/26 MP: 4/4
  1069 | D:2      | HP: 1/26 [orc wizard/+0 dagger (3)]
  1070 | D:2      | Killed from afar by an orc wizard

Illustrated notes

Levels and vault maps discovered:
D:1:      wander_arrival_estate, layout_basic,
          shapermc_ecumenical_altar_mp_ritualfount
D:2:      layout_rooms, serial_corexii_hall, chequers_hall_statues_corner_a,
          corexii_hall_statues_t, corexii_hall_statues_u, grunt_ministairs_7

Skill      XL: |  1  2  3 |
---------------+----------+-----
Ranged Weapons | 5 |  5.7
Fighting       | |  2.1
Dodging        | |  1.5
Stealth        | |  1.1

Action                     |  1- 3 |  4- 6 || total
---------------------------+-------+-------++-------
  Melee: Shortbow          |       |     3 ||     3
   Fire: Shortbow          |    81 |    10 ||    91
    Use: Scroll            |     5 |       ||     5
 Armour: Leather armour    |    20 |    13 ||    33
  Dodge: Dodged            |    17 |     3 ||    20

Table legend: (Time is in decaauts)
 A = Elapsed time spent in this place.
 B = Non-inter-level travel time spent in this place.
 C = Inter-level travel time spent in this place.
 D = Time resting spent in this place.
 E = Time spent auto-exploring this place.
 F = Levels seen in this place.
 G = Mean time per level.
                   A        B        C        D        E       F      G
               +--------+--------+--------+--------+--------+-----+--------+
         Total |   1101 |   1052 |     49 |    208 |    592 |   2 |  550.5 |
       Dungeon |   1101 |   1052 |     49 |    208 |    592 |   2 |  550.5 |
               +--------+--------+--------+--------+--------+-----+--------+

Top non-repeatable levels by time:
     D:1: 864 daAuts
     D:2: 236 daAuts
